 Dungeon Crawl Stone Soup version 0.29-a0-887-gcbe080d7e0 (webtiles) character file.

Game seed: 7584125860340730010

3 jt the Magician (level 1, 0/16 HPs)
             Began as a Palentonga Hedge Wizard on July 21, 2022.
             Frozen to death by an endoplasm (5 damage)
             ... on level 1 of the Dungeon.
             The game lasted 00:00:20 (41 turns).

jt the Magician (Palentonga Hedge Wizard)             Turns: 41, Time: 00:00:20

Health: 0/16       AC:  4    Str: 13    XL:     1   Next: 41%
Magic:  4/4        EV:  9    Int: 14    God:
Gold:   0          SH:  0    Dex:  9    Spells: 5/6 levels left

rFire   . . .      SeeInvis +   a - +0 dagger
rCold   . . .      Faith    .   (no shield)
rNeg    . . .      Spirit   .   b - +0 robe
rPois   .          Reflect  .   c - +0 hat
rElec   .          Harm     .   (no cloak)
rCorr   .          Rampage  .   (no gloves)
Will    .....                   (no barding)
Stlth   +.........              (no amulet)
HPRegen 0.05/turn               (no ring)
MPRegen 0.09/turn               (no ring)

@: no status effects
A: large, rugged brown scales 3, see invisible, deformed body, roll 1, armoured
tail
a: Rolling Charge


You were on level 1 of the Dungeon.
You visited 1 branch of the dungeon, and saw 1 of its levels.

Inventory:

Hand Weapons
 a - a +0 dagger (weapon)
Armour
 b - a +0 robe (worn)
 c - a +0 hat (worn)
Scrolls
 e - a scroll of immolation {unknown}
Potions
 d - a potion of magic


   Skills:
 + Level 1.0 Fighting
 - Level 1.5 Dodging
 - Level 1.2 Stealth
 - Level 3.0 Spellcasting
 - Level 0.8 Conjurations
 - Level 0.7 Summonings
 - Level 1.0 Translocations


You had 5 spell levels left.
You knew the following spells:

 Your Spells              Type           Power      Damage    Failure   Level
a - Magic Dart            Conj           16%        1d3       16%         1

Your spell library contained the following spells:

 Spells                   Type           Power      Damage    Failure   Level
 Slow                     Hex            8%         N/A       22%         1
 Blink                    Tloc           8%         N/A       22%         2
 Call Imp                 Summ           4%         N/A       24%         2
 Conjure Flame            Conj/Fire      3%         6-21      47%         3
 Mephitic Cloud           Conj/Pois/Air  2%         N/A       50%         3


Dungeon Overview and Level Annotations

Branches:
Dungeon (1/15)

Altars:


Innate Abilities, Weirdness & Mutations

You are completely covered in rugged brown scales. (AC +3, +7% HP)
You have supernaturally acute eyesight. (SInv)
Armour fits poorly on your strangely shaped body.
You can roll at nearby foes to attack.
You have a long armoured tail.


Message History

You hit the giant cockroach but do no damage.
The giant cockroach closely misses you.
You hit the giant cockroach.
Your tail-slap misses the giant cockroach.
The giant cockroach is moderately wounded.
The giant cockroach closely misses you.
You hit the giant cockroach. You tail-slap the giant cockroach.
You kill the giant cockroach!
Your Fighting skill increases to level 1!
You see here a giant cockroach corpse.
Roll where?
Press: ? - help, Dir - move target, f - endoplasm
Aim: an endoplasm You roll forward with a clatter of scales!
Found 4 boomerangs.
You hit the endoplasm.
The endoplasm is moderately wounded.
You hear a shout!
The endoplasm barely misses you.
You barely miss the endoplasm.
The endoplasm is moderately wounded.
The endoplasm freezes you.
You are frozen.
You are too injured to fight recklessly!
You are too injured to fight recklessly!
You hit the endoplasm but do no damage.
The endoplasm is moderately wounded.
The endoplasm hits you but does no damage.
You hit the endoplasm but do no damage.
The endoplasm is moderately wounded.
The endoplasm closely misses you.
You hit the endoplasm but do no damage.
The endoplasm is moderately wounded.
The endoplasm freezes you.
You are frozen.
The quokka bites you.
You hit the endoplasm but do no damage.
The endoplasm is moderately wounded.
The quokka completely misses you. The endoplasm freezes you.
You are frozen.
You die...

#.# .###
#.#+#....
#..[..... #
#.....$.. #.
#.......( #..
#........
####..###J.......
r$......r@.......
#.....##†########
#...# #..# #####
###'#
#.#♣♣♣♣♣#.#.#
............#
♣..♣.♣..♣..#
#♣♣..≈..♣♣#≈#
#P♣.≈≈≈.♣P#≈#


You could see an endoplasm and a quokka.

Vanquished Creatures
  An endoplasm (D:1)
  A giant cockroach (D:1)
  A rat (D:1)
3 creatures vanquished.

Notes
Turn   | Place    | Note
-------+----------+-------------------------------------------
     0 | D:1      | jt the Palentonga Hedge Wizard began the quest for the Orb.
     0 | D:1      | Reached XP level 1. HP: 13/13 MP: 4/4
    35 | D:1      | Reached skill level 1 in Fighting
    41 | D:1      | Frozen to death by an endoplasm

Illustrated notes

Levels and vault maps discovered:
D:1:      tarquinn_simple_flora_water_b, layout_basic,
          wad_floor_pattern_untrapped

Skill      XL: |  1 |
---------------+----+-----
Fighting       | 1 |  1.0
Dodging        | |  1.5
Stealth        | |  1.2
Spellcasting   | |  3.0
Conjurations   | |  0.8
Summonings     | |  0.7
Translocations | |  1.0

Action                   || total
-------------------------++-------
Melee: Dagger            ||    14
       Tailslap          ||     1
 Abil: Rolling Charge    ||     2
Armor: Robe              ||     2
Dodge: Dodged            ||     5

Table legend: (Time is in decaauts)
 A = Elapsed time spent in this place.
 B = Non-inter-level travel time spent in this place.
 C = Inter-level travel time spent in this place.
 D = Time resting spent in this place.
 E = Time spent auto-exploring this place.
 F = Levels seen in this place.
 G = Mean time per level.
                   A        B        C        D        E       F      G
               +--------+--------+--------+--------+--------+-----+--------+
         Total |     41 |     41 |      0 |      0 |     11 |   1 |   41.0 |
       Dungeon |     41 |     41 |      0 |      0 |     11 |   1 |   41.0 |
               +--------+--------+--------+--------+--------+-----+--------+

Top non-repeatable levels by time:
     D:1: 41 daAuts
